 Dungeon Crawl Stone Soup version 0.31-a0-818-ge7c7cf74f0 (webtiles) character file.

Game seed: 12345043255991826667

22 Kurtz the Ducker (level 2, -4/21 HPs)
             Began as an Octopode Fighter on Sept 23, 2023.
             Slain by a gnoll
             ... wielding a +2 flail of protection
              (8 damage)
             ... on level 2 of the Dungeon.
             The game lasted 00:00:28 (719 turns).

Kurtz the Ducker (Octopode Fighter)                  Turns: 719, Time: 00:00:30

Health: -4/21      AC:  1    Str: 15    XL:     2   Next: 91%
Magic:  2/2        EV:  9    Int: 10    God:
Gold:   24         SH: 12    Dex: 11    Spells: 1/1 levels left

rFire   . . .        a - +0 war axe
rCold   . . .        g - +0 tower shield
rNeg    . . .        (helmet restricted)
rPois   .            (no amulet)
rElec   .            (no ring)
rCorr   .            (no ring)
SInv    .            (no ring)
Will    .....        (no ring)
Stlth   ++           (no ring)
HPRegen 0.23/turn    (no ring)
MPRegen 0.08/turn    (no ring)
                     (no ring)

%: no passive effects
@: no status effects
A: almost no armour, amphibious, 8 rings, camouflage 1, gelatinous body 1,
(nimble swimmer 1), tentacles
a: no special abilities


You were on level 2 of the Dungeon.
You visited 1 branch of the dungeon, and saw 2 of its levels.

You collected 24 gold pieces.

Inventory:

Hand Weapons
 a - a +0 war axe (weapon)
Armour
 b - a +0 buckler
 g - a +0 tower shield (worn)
Jewellery
 h - a +6 ring of dexterity
Potions
 c - a potion of might
 d - 2 potions of curing {unknown}
 e - a potion of haste {unknown}
 f - a potion of heal wounds {unknown}


   Skills:
 - Level 3.0 Fighting
 * Level 2.7 Axes
 * Level 3.2 Dodging
 * Level 3.2 Shields


You had one spell level left.
You didn't know any spells.
Your spell library was empty.

Dungeon Overview and Level Annotations

Branches:
Dungeon (2/15)

Altars:


Innate Abilities, Weirdness & Mutations

You cannot wear most types of armour.
You are amphibious.
You can wear up to eight rings at the same time.
Your skin changes colour to match your surroundings (Stealth+).
Your rubbery body absorbs attacks. (AC +1, EV +1)
((You are camouflaged when in or above water. (Stealth+)))
You have tentacles for arms and can constrict up to eight enemies at once.


Message History

You slash the dart slug!
You kill the dart slug!
Done exploring.
Unknown command.
Done exploring.
No target in view!
Unknown command.
Done exploring.
No target in view!
No target in view!
No target in view!
Done exploring.
You see here a +0 robe.
There is a stone staircase leading down here.
You climb downwards.
Found a leather armour and 10 gold pieces.
There is a stone staircase leading up here. 2 gnolls come into view.
A gnoll is wielding a +2 flail of protection.
A gnoll comes into view. It is wielding a +0 club.
There are monsters nearby!
You see here 10 gold pieces.
Unknown command.
The gnoll shouts! x3
There are monsters nearby!
Unknown command.
You slash the gnoll! You grab the gnoll.
The gnoll is severely wounded.
You constrict the gnoll, but do no damage.
The gnoll hits you with a +2 flail of protection!
There are monsters nearby!
Unknown command.
You hit the gnoll but do no damage.
The gnoll is severely wounded.
You constrict the gnoll. You block the gnoll's attack.
The gnoll hits you with a +2 flail of protection!
* * * LOW HITPOINT WARNING * * *
You block the gnoll's attack.
The gnoll hits you with a +2 flail of protection!
You die...

..... ... ####
#.#.#... ...
..#.#.#.#
..[###.##.......
.......<....#
...##.#.#.#.#
..........#
###.#.#.#.#######.#
#.#.#.#..$@ggg..# #
#.#.#########.#
#.#.# #.#.. #.# #.


You could see 3 gnolls.

Vanquished Creatures
  A dart slug (D:1)
  2 endoplasms (D:1)
  5 goblins (D:1)
  4 hobgoblins (D:1)
  2 bats (D:1)
  3 frilled lizards (D:1)
17 creatures vanquished.

Notes
Turn   | Place    | Note
-------+----------+-------------------------------------------
     0 | D:1      | Kurtz the Octopode Fighter began the quest for the Orb.
     0 | D:1      | Reached XP level 1. HP: 16/16 MP: 1/1
   107 | D:1      | Reached XP level 2. HP: 17/21 MP: 2/2
   505 | D:1      | Found a faded altar of an unknown god.
   719 | D:2      | Slain by a gnoll

Illustrated notes

Levels and vault maps discovered:
D:1:      giann_forest_graveyard, layout_basic, shapermc_ecumenical_altar_petra
D:2:      layout_basic, minmay_tetromino_i2

Action                     || total
---------------------------++-------
  Melee: War axe           ||    30
         Constrict         ||     7
         Tentacles         ||     2
   Stab: Sleeping          ||     6
 Armour: Skin              ||    12
  Dodge: Dodged            ||     5
  Block: Tower shield      ||    17

Table legend: (Time is in decaauts)
 A = Elapsed time spent in this place.
 B = Non-inter-level travel time spent in this place.
 C = Inter-level travel time spent in this place.
 D = Time resting spent in this place.
 E = Time spent auto-exploring this place.
 F = Levels seen in this place.
 G = Mean time per level.
                   A        B        C        D        E       F      G
               +--------+--------+--------+--------+--------+-----+--------+
         Total |    739 |    709 |     30 |      0 |    575 |   2 |  369.5 |
       Dungeon |    739 |    709 |     30 |      0 |    575 |   2 |  369.5 |
               +--------+--------+--------+--------+--------+-----+--------+

Top non-repeatable levels by time:
     D:1: 730 daAuts
     D:2: 9 daAuts
